Map: Acid Plant LE

Players

Jason

  • Race: Terran Terran
  • League: Grandmaster
  • Spawn Location: 11:00

Rob - Winner!

  • Race: Protoss Protoss
  • League: Grandmaster
  • Spawn Location: 5:00

VOD

Have the link to the VOD?

Description

Time

  • Played on: May 13, 2019, 3:26 p.m.
  • Length: 7:32
Show
View Real Time Build Order
Export as new Build Order

Jason Terran 

Build Orders:  

Get SALT Encoding   

  12  0:01  SCV  
  13  0:13  SCV  
  14  0:18  Supply Depot  
  15  0:31  Refinery  
  15  0:42  Barracks  
  14  0:44  SCV  
  15  0:56  SCV  
  16  1:02  Refinery  
  16  1:08  SCV  
  17  1:20  SCV  
  18  1:31  Ghost Academy  
  18  1:36  Orbital Command  
  18  1:45  Reaper  
  18  1:46  Factory  
  19  1:51  Supply Depot  
  18  2:02  SCV  
  19  2:14  SCV  
  20  2:26  SCV  
  21  2:39  SCV  
  21  2:41  Starport  
  21  2:42  Factory Reactor  
  22  2:51  SCV  
  23  2:52  Command Center  
  23  3:03  SCV  
  24  3:18  Widow Mine x2  
  24  3:19  Medivac  
  30  3:21  SCV  
  30  3:27  Supply Depot  
  31  3:40  Supply Depot  
  36  3:48  SCV, Widow Mine x2  
  36  3:51  Starport Tech Lab  
  36  4:00  SCV  
  41  4:10  Widow Mine x2  
  41  4:13  Banshee  
  41  4:16  Barracks Tech Lab  
  41  4:17  SCV  
  44  4:26  Orbital Command  
  42  4:38  SCV, Widow Mine x2  
  42  4:50  SCV  
  43  4:59  SCV  
  40  5:02  SCV  
  37  5:11  SCV  
  36  5:14  SCV  
  37  5:22  Command Center  
  37  5:23  SCV  
  37  5:24  Marine x2  
  39  5:31  Siege Tank  
  39  5:34  SCV  
  38  5:35  SCV  
  37  5:43  Marine  
  37  5:46  SCV  
  37  5:49  SCV  
  38  5:59  SCV  
  38  6:01  SCV  
  38  6:02  Marine  
  38  6:03  Marine  
  42  6:06  Raven  
  42  6:11  SCV  
  45  6:13  SCV  
  45  6:15  Siege Tank  
  49  6:23  SCV, Marine  
  49  6:24  Marine  
  52  6:25  SCV  
  52  6:28  Bunker  
  53  6:35  SCV  
  53  6:37  SCV, Orbital Command  
  55  6:42  Supply Depot, Marine x2  
  55  6:47  SCV  
  55  6:50  SCV  
  56  6:59  SCV  
  56  7:00  Marine, Barracks  
  56  7:02  SCV, Barracks  
  56  7:04  SCV  
  57  7:11  SCV, Marine  
  57  7:14  SCV  
  55  7:17  SCV  
Show
View Real Time Build Order
Export as new Build Order

Rob Protoss - Winner!

Build Orders: Oracle Opening 

Get SALT Encoding   

  12  0:00  Probe  
  13  0:12  Probe  
  14  0:18  Pylon  
  14  0:24  Probe  
  15  0:32  Probe  
  15  0:37  Gateway  
  15  0:40  Probe  
  16  0:46  Assimilator  
  17  0:51  Probe  
  18  1:03  Probe  
  19  1:15  Probe  
  20  1:28  Cybernetics Core  
  20  1:31  Zealot  
  20  1:32  Probe  
  23  1:50  Nexus  
  23  1:51  Pylon  
  23  1:57  Assimilator  
  23  1:59  Adept  
  23  2:09  Probe  
  23  2:11  Warp Gate  
  26  2:21  Probe  
  26  2:35  Probe  
  26  2:37  Stalker  
  28  2:43  Probe  
  29  2:47  Stargate  
  30  2:52  Probe  
  31  3:01  Probe  
  31  3:04  Probe  
  33  3:09  Probe  
  33  3:16  Probe  
  35  3:21  Oracle  
  35  3:24  Probe  
  36  3:28  Probe  
  40  3:36  Probe  
  40  3:38  Stalker  
  40  3:40  Probe  
  44  3:42  Shield Battery  
  44  3:44  Gateway  
  44  3:46  Gateway  
  44  3:50  Probe  
  44  3:52  Probe  
  46  4:08  Probe, Pylon  
  46  4:20  Oracle  
  46  4:22  Robotics Facility  
  46  4:24  Pylon  
  46  4:26  Probe  
  46  4:29  Adept  
  52  4:35  Probe  
  53  4:38  Probe  
  53  4:45  Pylon  
  54  4:48  Pylon  
  51  4:57  Probe x2  
  53  5:01  Phoenix  
  53  5:05  Stalker x2  
  53  5:06  Probe x2  
  54  5:12  Observer  
  54  5:13  Shield Battery  
  57  5:14  Probe x2  
  57  5:19  Stalker  
  61  5:24  Probe x2  
  60  5:33  Stalker x2  
  64  5:36  Probe x2  
  65  5:46  Immortal  
  70  5:56  Gateway  
  69  5:58  Gateway  
  69  6:02  Stalker x2  
  70  6:05  Probe  
  70  6:06  Probe  
  72  6:12  Stalker  
  74  6:23  Phoenix  
  72  6:29  Warp Prism  
  76  6:33  Nexus  
  76  6:38  Probe x2  
  76  6:59  Adept x2  
  78  7:03  Assimilator, Pylon  
  78  7:04  Assimilator, Pylon  
  76  7:19  Probe x2  
  72  7:30  Adept x5  
Tags
 
Add a new tag
Caveats
  • Supply blocks, unpowered buildings, or Contaminate may cause inaccurate times.
  • Supply counts are checked every 10 seconds.